 Dungeon Crawl Stone Soup version 0.30-a0-862-g1aabd4f9c5 (webtiles) character file.

Game seed: 6072943246602699559

233 bande the Covered (level 6, -1/38 HPs)
             Began as a Gargoyle Fighter on Mar 9, 2023.
             Was an Initiate of Okawaru.
             Slain by a gnoll
             ... wielding a +0 flail
             ... led by a gnoll bouda
              (8 damage)
             ... on level 4 of the Dungeon.
             The game lasted 00:05:22 (3367 turns).

bande the Covered (Gargoyle Fighter)                Turns: 3367, Time: 00:05:23

Health: -1/38      AC: 15    Str: 20    XL:     6   Next: 4%
Magic:  7/7        EV:  9    Int:  8    God:    Okawaru [......]
Gold:   187        SH:  4    Dex: 11    Spells: 5/5 levels left

rFire   . . .      SeeInvis .    a - +1 war axe (elec)
rCold   . . .      Faith    .    c - +0 buckler
rNeg    + . .      Spirit   .    b - +0 scale mail
rPois   ∞          Reflect  .    p - +1 helmet
rElec   +          Rampage  .    (no cloak)
rCorr   .                        i - +1 pair of gloves
Will    .....                    (no boots) Stlth
                                 (no amulet)
HPRegen 0.26/turn                (no ring)
MPRegen 0.10/turn                (no ring)

@: no status effects
A: sickness immunity, AC +4, negative energy resistance 1, electricity
resistance, torment resistance 1, petrification resistance
a: Renounce Religion


You were on level 4 of the Dungeon.
You worshipped Okawaru.
Okawaru was noncommittal.
You visited 2 branches of the dungeon, and saw 5 of its levels.

You collected 187 gold pieces.

Inventory:

Hand Weapons
 a - a +1 war axe of electrocution (weapon)
 q - a +0 flail
Armour
 b - a +0 scale mail (worn)
 c - a +0 buckler (worn)
 i - a +1 pair of gloves (worn)
 k - an orb of light
 p - a +1 helmet (worn)
Jewellery
 h - an amulet of the acrobat
 m - a ring of resist corrosion
Wands
 u - a wand of quicksilver (6)
Scrolls
 n - 2 scrolls of teleportation
 r - a scroll of identify
 v - a scroll of enchant armour
 w - a scroll of enchant weapon
Potions
 d - a potion of might
 e - 3 potions of curing
 f - a potion of berserk rage
 g - a potion of attraction {unknown}
 j - a potion of brilliance {unknown}
 l - a potion of ambrosia {unknown}
 o - a potion of magic {unknown}
 s - a potion of heal wounds {unknown}
 t - 2 potions of degeneration {unknown}


   Skills:
 + Level 4.1 Fighting
 + Level 3.7 Axes
 + Level 4.2 Armour
 - Level 0.1 Dodging
 + Level 4.0 Shields
 * Level 1.7 Invocations


You had 5 spell levels left.
You didn't know any spells.
Your spell library contained the following spells:

 Spells                   Type           Power      Damage    Failure   Level
 Sting                    Tmut/Pois      0%         1d3       83%         1
 Blink                    Tloc           0%         N/A       93%         2
 Poisonous Vapours        Pois/Air       0%         N/A       93%         2
 Manifold Assault         Tloc           0%         N/A       100%        4
 Olgreb's Toxic Radiance  Pois           0%         N/A       100%        4
 Freezing Cloud           Conj/Ice/Air   0%         6-21      100%        5
 Storm Form               Tmut/Air       0%         N/A       100%        7
 Polar Vortex             Ice            0%         N/A       100%        9
 Simulacrum               Ice/Necr       Unusable   N/A       N/A         6

Dungeon Overview and Level Annotations

Branches:
Dungeon (4/15)             Temple (1/1) D:4

Altars:
Cheibriados
Dithmenos
Elyvilon
Fedhas
Okawaru
Ru
Sif Muna
Uskayaw
Vehumet
Wu Jian
Yredelemnul
Zin

Annotations:
D:3 2 transporters, Newt's ghost, amateur KoHu
D:4 3 runed translucent doors


Innate Abilities, Weirdness & Mutations

You are immune to sickness and miasma.
Your stone body is resilient. (AC +4)
You are immune to poison.
You resist negative energy. (rN+)
You are resistant to electric shocks. (rElec)
You are resistant to unholy torment.
You are immune to petrification.


Message History

Your Shields skill increases to level 4!
You hit the gnoll bouda.
Lightning courses through the gnoll bouda!
The gnoll bouda is almost dead.
The gnoll bouda barely misses you.
You closely miss the gnoll bouda.
The gnoll bouda is almost dead.
The gnoll bouda hits you with a +0 club!
The gnoll bouda hits you but does no damage.
You hit the gnoll bouda.
You kill the gnoll bouda!
Okawaru accepts your kill. The gnoll barely misses you.
You have reached level 6!
You hit the gnoll.
The gnoll is lightly wounded.
The gnoll hits you from afar with a +0 spear.
The gnoll hits you but does no damage.
You barely miss the gnoll.
The gnoll is lightly wounded.
The gnoll hits you but does no damage. You block the gnoll's attack.
You barely miss the gnoll.
The gnoll is lightly wounded.
The gnoll closely misses you. The gnoll hits you but does no damage.
The gnoll hits you with a +0 flail.
The gnoll hits you from afar with a +0 spear.
You barely miss the gnoll.
The gnoll hits you from afar with a +0 spear.
The gnoll hits you with a +0 flail.
You barely miss the gnoll. The gnoll hits you with a +0 flail.
The gnoll hits you but does no damage.
You barely miss the gnoll.
The gnoll hits you from afar with a +0 spear.
* * * LOW HITPOINT WARNING * * *
The gnoll hits you with a +0 flail.
* * * LOW HITPOINT WARNING * * *
The gnoll hits you but does no damage. You block the gnoll's attack.
You barely miss the gnoll. The gnoll hits you but does no damage.
The gnoll hits you with a +0 flail!
You die...

##'##................######
#....#.>..(.########.#
#....#......##≈~≈≈ #.#
#.###....#.......#~≈~≈##.#
###
#...'....+.......+≈~≈~'..#
#..
#####....#......##~≈~≈##.#
#.#
≈######....#......##≈~≈≈
#.# #.#
≈≈....+....#......######
#.# #.# #≈###......#####@##
#.# #.# # #.###### #g# #.#
#.# # ##.# #g# #.# #.# #
#..# #g# #.####)# ####.##
#.# #..(.. #.##..# #.#
###### .#..≈## #.# ###≈≈≈#
#.# # #####


You could see 3 gnolls.

Vanquished Creatures
  A gnoll bouda (D:4)
  2 hounds (D:4)
  Ijyb (D:4)
  A gnoll (D:4)
  An adder (D:2)
  4 worms
  A dart slug (D:4)
  2 orcs
  A ball python (D:2)
  8 bats
  11 endoplasms
  5 giant cockroaches
  10 goblins
  10 hobgoblins
  A jackal (D:2)
  6 kobolds
  4 quokkas
  4 frilled lizards
  7 rats
80 creatures vanquished.

Vanquished Creatures (others)
  A plant (D:1)
1 creature vanquished.

Grand Total: 81 creatures vanquished

Notes
Turn   | Place    | Note
-------+----------+-------------------------------------------
     0 | D:1      | bande the Gargoyle Fighter began the quest for the Orb.
     0 | D:1      | Reached XP level 1. HP: 14/14 MP: 1/1
   159 | D:1      | Reached XP level 2. HP: 19/19 MP: 2/2
  1025 | D:1      | Found a faded altar of an unknown god.
  1109 | D:2      | Reached XP level 3. HP: 22/23 MP: 3/3
  1129 | D:2      | Identified the +0 robe of the Wild Haggis {Will++ Str+4
                  | Stlth-}
  1448 | D:2      | Reached XP level 4. HP: 29/29 MP: 4/4
  1987 | D:3      | Found a transporter.
  1990 | D:3      | Found a transporter.
  1990 | D:3      | Noticed Newt's ghost (amateur KoHu)
  1990 | D:3      | Noticed an ogre
  1991 | D:3      | Noticed an ogre
  1993 | D:3      | Noticed an ogre
  2708 | D:4      | Found a staircase to the Ecumenical Temple.
  2720 | Temple   | Entered the Ecumenical Temple
  2745 | Temple   | Became a worshipper of Warmaster Okawaru
  2893 | D:4      | Reached XP level 5. HP: 21/33 MP: 5/5
  3064 | D:4      | Noticed Ijyb
  3073 | D:4      | Killed Ijyb
  3074 | D:4      | Reached skill level 1 in Invocations
  3140 | D:4      | Found a runed translucent gate.
  3140 | D:4      | Found a runed translucent gate.
  3140 | D:4      | Found a runed translucent gate.
  3361 | D:4      | Reached XP level 6. HP: 27/38 MP: 7/7
  3367 | D:4      | Slain by a gnoll

Illustrated notes

Levels and vault maps discovered:
D:1:      lightli_arrival_lavapool, layout_basic,
          chequers_ecumenical_altar_lobes, grunt_decor_resistance
D:2:      layout_loops_cross, minmay_3d_cube
D:3:      layout_loops_ring, gammafunk_ghost_smash, wad_floor_pattern_untrapped,
          minmay_misc_feat_secret_circle
D:4:      kennysheep_the_goblin_king, layout_basic, temple_statues,
          gammafunk_ghost_necromancy, serial_rivers,
          chequers_serial_rivers_micro_d, chequers_serial_rivers_room_b,
          chequers_serial_rivers_large_a, chequers_serial_rivers_small_b,
          chequers_serial_rivers_room_b, chequers_serial_rivers_micro_e,
          uniq_ijyb
Temple:   nicolae_temple_bog_church

Skill      XL: |  1  2  3  4  5 |
---------------+----------------+-----
Axes           | 2 3 |  3.7
Fighting       | 4 |  4.1
Armour         | 4 |  4.2
Invocations    | 1 |  1.7
Shields        | 4 |  4.0
Dodging        | |  0.1

Action                     |  1- 3 |  4- 6 || total
---------------------------+-------+-------++-------
  Melee: War axe           |   131 |   116 ||   247
    Use: Scroll            |     4 |     6 ||    10
 Armour: Scale mail        |    63 |    68 ||   131
  Dodge: Dodged            |    61 |    53 ||   114
  Block: Buckler           |    31 |    27 ||    58

Table legend: (Time is in decaauts)
 A = Elapsed time spent in this place.
 B = Non-inter-level travel time spent in this place.
 C = Inter-level travel time spent in this place.
 D = Time resting spent in this place.
 E = Time spent auto-exploring this place.
 F = Levels seen in this place.
 G = Mean time per level.
                   A        B        C        D        E       F      G
               +--------+--------+--------+--------+--------+-----+--------+
         Total |   3473 |   3240 |    233 |      0 |   2532 |   5 |  694.6 |
       Dungeon |   3431 |   3218 |    213 |      0 |   2521 |   4 |  857.8 |
        Temple |     41 |     21 |     20 |      0 |     11 |   1 |   41.0 |
               +--------+--------+--------+--------+--------+-----+--------+

Top non-repeatable levels by time:
     D:1: 1130 daAuts
     D:4: 837 daAuts
     D:3: 746 daAuts
     D:2: 717 daAuts
  Temple: 41 daAuts
